 Dungeon Crawl Stone Soup version 0.31.0-32-g396128a36d (webtiles) character file.

Game seed: 1801012106240443009

37 Silvore the Covered (level 3, -1/33 HPs)
             Began as a Minotaur Fighter on Mar 20, 2024.
             Incinerated by a bombardier beetle (4 damage)
             ... with a burning spray
             ... on level 3 of the Dungeon.
             The game lasted 00:01:44 (1765 turns).

Silvore the Covered (Minotaur Fighter)              Turns: 1765, Time: 00:01:45

Health: -1/33      AC:  7    Str: 22    XL:     3   Next: 21%
Magic:  2/2        EV:  9    Int:  5    God:
Gold:   138        SH:  5    Dex: 15    Spells: 2/2 levels left

rFire   . . .        a - +0 flail
rCold   . . .        c - +0 buckler
rNeg    . . .        b - +0 scale mail
rPois   .            (helmet restricted)
rElec   .            (no cloak)
rCorr   .            (no gloves)
SInv    .            (no boots)
Will    .....        (no amulet) Stlth
                     m - +6 ring of dexterity
HPRegen 0.25/turn    (no ring)
MPRegen 0.08/turn

%: no passive effects
@: on fire, glowing
A: horns 2, retaliatory headbutt
a: no special abilities


You were on level 3 of the Dungeon.
You visited 1 branch of the dungeon, and saw 3 of its levels.

You collected 138 gold pieces.

Inventory:

Hand Weapons
 a - a +0 flail (weapon)
Armour
 b - a +0 scale mail (worn)
 c - a +0 buckler (worn)
Jewellery
 h - a ring of fire
 m - a +6 ring of dexterity (left hand)
Scrolls
 k - a scroll of teleportation {unknown}
 l - 2 scrolls of identify {unknown}
 n - 2 scrolls of vulnerability {unknown}
 o - a scroll of butterflies {unknown}
Potions
 d - a potion of might
 e - a potion of curing {unknown}
 f - a potion of degeneration {unknown}
 g - a potion of enlightenment {unknown}
 i - a potion of cancellation {unknown}
 j - a potion of heal wounds {unknown}
 p - a potion of resistance {unknown}


   Skills:
 + Level 3.8 Fighting
 + Level 2.7 Maces & Flails
 + Level 4.3 Armour
 + Level 4.2 Shields


You had 2 spell levels left.
You didn't know any spells.
Your spell library contained the following spells:

 Spells                   Type           Power      Damage    Failure   Level
 Slow                     Hex            0%         N/A       86%         1
 Confusing Touch          Hex            0%         N/A       99%         3
 Frozen Ramparts          Ice            0%         1d1       99%         3
 Sigil of Binding         Hex            0%         N/A       99%         3
 Vampiric Draining        Necr           0%         2d6       99%         3
 Leda's Liquefaction      Alch/Erth      0%         N/A       100%        4
 Petrify                  Alch/Erth      0%         N/A       100%        4
 Metabolic Englaciation   Hex/Ice        0%         N/A       100%        5
 Chain Lightning          Conj/Air       0%         N/A       100%        9
 Fire Storm               Conj/Fire      0%         5d1       100%        9
 Shatter                  Erth           0%         3d5*      100%        9


Dungeon Overview and Level Annotations

Branches:
Dungeon (3/15)

Altars:


Innate Abilities, Weirdness & Mutations

You have a pair of horns on your head.
You reflexively headbutt those who attack you in melee.


Message History

Found 11 gold pieces.
You block the goblin's attack.
You closely miss the goblin. You block the goblin's attack.
You hit the goblin. Your headbutt misses the goblin.
The goblin is moderately wounded.
The goblin hits you but does no damage. You block the goblin's attack.
You sock the goblin!
You kill the goblin!
You see here a +0 dagger.
A bombardier beetle comes into view.
A bombardier beetle is nearby!
There is a stone staircase leading down here.
The bombardier beetle sprays incendiary fluid at you.
The burning spray hits you.
You are covered in liquid fire!
You shake off some of the fire as you move.
The liquid fire burns you!
You shake off some of the fire as you move.
The liquid fire burns you!
You barely miss the bombardier beetle. You headbutt the bombardier beetle.
The bombardier beetle is lightly wounded.
The liquid fire burns you!
The bombardier beetle sprays incendiary fluid at you.
The burning spray hits you.
You are even more covered in liquid fire!
You hit the bombardier beetle but do no damage.
The bombardier beetle is lightly wounded.
The liquid fire burns you!
The bombardier beetle barely misses you.
You barely miss the bombardier beetle. You headbutt the bombardier beetle.
The bombardier beetle is heavily wounded.
The liquid fire burns you!
* * * LOW HITPOINT WARNING * * *
The bombardier beetle bites you but does no damage.
You sock the bombardier beetle!
The bombardier beetle is almost dead.
The liquid fire burns you!
* * * LOW HITPOINT WARNING * * *
You shake off some of the fire as you move.
The liquid fire burns you!
You die...

........# .########
.#.....# .......#
.#.....# ....####
########## .####
......... .####
##########........ ....#
#...)..>.@.B......
....####.########$#######
.......#.############
.......#...##.......#
...###.###.##.#####.# #
######## #....#.....# .#
.......# #..###.##### .#
# .#####.# #....#.#
####.# ..# ...#...#
#.##.#.#####....#..##


You could see a bombardier beetle.

Vanquished Creatures
  An orc (D:3)
  3 endoplasms
  2 goblins
  3 hobgoblins (D:1)
  2 quokkas (D:1)
  4 ball pythons
  5 bats
  4 frilled lizards
  6 kobolds
  5 rats
35 creatures vanquished.

Notes
Turn   | Place    | Note
-------+----------+-------------------------------------------
     0 | D:1      | Silvore the Minotaur Fighter began the quest for the Orb.
     0 | D:1      | Reached XP level 1. HP: 19/19 MP: 0/0
   119 | D:1      | Reached XP level 2. HP: 27/27 MP: 1/1
  1127 | D:2      | Reached XP level 3. HP: 33/33 MP: 2/2
  1765 | D:3      | Incinerated by a bombardier beetle

Illustrated notes

Levels and vault maps discovered:
D:1:      minmay_arrival_doors, layout_basic
D:2:      layout_basic, corexii_shack
D:3:      layout_basic, chequers_serial_rivers_small_a

Skill      XL: |  1  2 |
---------------+-------+-----
Armour         | 4 |  4.3
Shields        | 4 |  4.2
Fighting       | |  3.8
Maces & Flails | |  2.7

Action                     || total
---------------------------++-------
  Melee: Flail             ||    71
         Headbutt          ||     9
 Armour: Scale mail        ||    62
  Dodge: Dodged            ||    45
  Block: Buckler           ||    25
